 Dungeon Crawl Stone Soup version 0.30-a0-1160-g6e42c06551 (webtiles) character file.

Game seed: 6357075720056407157

704 jasper the Magician (level 7, -7/90 HPs)
             Began as a Demigod Wanderer on Apr 25, 2023.
             Mangled by Edmund
             ... wielding a +4 dire flail of holy wrath
              (18 damage)
             ... on level 5 of the Dungeon.
             The game lasted 00:07:44 (5033 turns).

jasper the Magician (Demigod Wanderer)              Turns: 5033, Time: 00:07:45

Health: -7/90      AC:  4    Str: 13    XL:     7   Next: 16%
Magic:  15/18      EV: 11    Int: 22    God:
Gold:   154        SH:  0    Dex: 13    Spells: 7/16 levels left

rFire   . . .        p - +0 quarterstaff
rCold   . . .        (shield currently unavailable)
rNeg    . . .        c - +0 robe
rPois   .            (no helmet)
rElec   .            t - +1 cloak
rCorr   .            (no gloves)
SInv    .            (no boots)
Will    .....        (no amulet) Stlth
                     (no ring)
HPRegen 0.35/turn    (no ring)
MPRegen 0.16/turn

%: no passive effects
@: berserking, very quick
A: high MP 1, forlorn, divine attributes
a: no special abilities


You were on level 5 of the Dungeon.
You visited 1 branch of the dungeon, and saw 5 of its levels.

You collected 154 gold pieces.

Inventory:

Hand Weapons
 a - a +0 club
 g - a +0 short sword
 p - a +0 quarterstaff (weapon)
 q - a +2 whip of venom
Missiles
 d - 2 poisoned darts
 k - 2 atropa-tipped darts
Armour
 c - a +0 robe (worn)
 t - a +1 cloak (worn)
Magical Staves
 j - a staff of death
Scrolls
 b - a scroll of fog
 l - 3 scrolls of teleportation
 m - a scroll of enchant weapon {unknown}
Potions
 e - a potion of ambrosia {unknown}
 f - 2 potions of invisibility
 h - 2 potions of lignification
 i - 4 potions of brilliance {unknown}
 n - a potion of haste {unknown}
 s - 2 potions of curing {unknown}


   Skills:
 + Level 4.5 Fighting
 * Level 5.3 Spellcasting
 - Level 2.6 Conjurations
 - Level 4.0 Poison Magic


You had 7 spell levels left.
You knew the following spells:

 Your Spells              Type           Power      Damage    Failure   Level
a - Sting                 Tmut/Pois      56%        1d5       4%          1
b - Searing Ray           Conj           34%        2d5       4%          2
c - Olgreb's Toxic Radia  Pois           23%        N/A       19%         4
d - Blink                 Tloc           10%        N/A       14%         2

Your spell library contained the following spells:

 Spells                   Type           Power      Damage    Failure   Level
 Static Discharge         Conj/Air       22%        2-3/arc   9%          2
 Spider Form              Tmut/Pois      14%        N/A       13%         3
 Manifold Assault         Tloc           5%         N/A       67%         4
 Storm Form               Tmut/Air       2%         N/A       100%        7


Dungeon Overview and Level Annotations

Branches:
Dungeon (5/15)
 Temple: D:4-7

Shops:
D:1 [[((

Annotations:
D:4 3 runed translucent doors, iamoutofideas's ghost, novice HOMo
D:5 Edmund


Innate Abilities, Weirdness & Mutations

You have an increased reservoir of magic. (+10% MP)
You shall have no god before yourself.
Your divine heritage dramatically boosts your attributes as you level up.


Message History

Edmund hits you with a +4 dire flail of holy wrath!
You take 15 damage, and have 45/60 hp.
MASSIVE DAMAGE!!
You now have 15/18 mp.
Aiming: Sting (safe; 4% risk of failure)
Press: ? - help, Q - select action, (/) - cycle Shift-Dir - straight line, f/p - Edmund
Aim: Edmund, wielding a +4 dire flail of holy wrath and wearing a +0 chain mail (lightly wounded, very poisoned, 79% to hit)
The sting hits Edmund but does no damage.
Edmund looks as sick as possible!
Edmund is lightly wounded.
Edmund hits you with a +4 dire flail of holy wrath!
You take 16 damage, and have 29/60 hp.
MASSIVE DAMAGE!!
You now have 14/18 mp.
Edmund attacks as you move away! Edmund barely misses you.
You see here a +0 whip.
Edmund attacks as you move away! Edmund barely misses you.
Edmund says, "Everyone always remembers my brother. 'Who's Edmund?' they ask!"
There is a stone staircase leading down here.
Aiming: Sting (safe; 4% risk of failure)
Press: ? - help, Q - select action, (/) - cycle Shift-Dir - straight line, f/p - Edmund
Aim: Edmund, wielding a +4 dire flail of holy wrath and wearing a +0 chain mail (heavily wounded, very poisoned, 79% to hit)
The sting misses Edmund.
Edmund closely misses you.
You now have 15/18 mp.
Edmund attacks as you move away! Edmund barely misses you.
Aiming: Sting (safe; 4% risk of failure)
Press: ? - help, Q - select action, (/) - cycle Shift-Dir - straight line, f/p - Edmund
Aim: Edmund, wielding a +4 dire flail of holy wrath and wearing a +0 chain mail (heavily wounded, very poisoned, 79% to hit)
The sting hits Edmund but does no damage.
Edmund looks even sicker.
Edmund is heavily wounded.
Edmund hits you with a +4 dire flail of holy wrath!
* * * LOW HITPOINT WARNING * * *
You take 17 damage, and have 15/60 hp.
MASSIVE DAMAGE!!
You now have 14/18 mp.
A red film seems to cover your vision as you go berserk!
You feel yourself moving faster!
You feel mighty!
Edmund hits you with a +4 dire flail of holy wrath!
* * * LOW HITPOINT WARNING * * *
You now have 10/90 hp.
You closely miss Edmund.
Edmund is heavily wounded.
Edmund hits you with a +4 dire flail of holy wrath!!
You die...

#....#......##.#.#
#....#'#######.#.#
#..............#.#
#..............#.#
#.<)..........†#.#
#................##
#..............##.#
###............##.#
#.....@......##.#
#.....@......##.#
#...............#
#.....>.........#
#...............#
#.....).........#
#...............#
####'#.#.###....#
#.#.#.# #....#


You could see Edmund (very poisoned).

Vanquished Creatures
  A black bear (D:4)
  An ogre (D:5)
  A phantom (D:4)
  A scorpion (D:4)
  A gnoll bouda (D:4)
  4 hounds
  An iguana (D:5)
  5 gnolls (D:4)
  6 adders
  4 dart slugs
  9 orcs
  2 bats
  12 endoplasms
  5 giant cockroaches
  13 hobgoblins
  9 jackals
  7 kobolds
  3 quokkas
  5 ball pythons
  5 frilled lizards
  10 goblins
  A rat (D:1)
106 creatures vanquished.

Notes
Turn   | Place    | Note
-------+----------+-------------------------------------------
     0 | D:1      | jasper the Demigod Wanderer began the quest for the Orb.
     0 | D:1      | jasper set off with the following items: a +0 club, a
                  | scroll of fog, a +0 robe, a scroll of teleportation; and
                  | the following spell memorised: Sting; and the following
                  | spells available to memorise: Searing Ray, Static
                  | Discharge, Spider Form, Olgreb's Toxic Radiance.
     0 | D:1      | Reached XP level 1. HP: 17/17 MP: 4/4
   162 | D:1      | Found Ziagg's Antique Armour Shop.
   428 | D:1      | Reached XP level 2. HP: 21/24 MP: 4/6
   434 | D:1      | Learned a level 2 spell: Searing Ray
   477 | D:1      | Found Lefrar's Antique Weapon Emporium.
   792 | D:1      | Found Ebbuaf's Weapon Shoppe.
   963 | D:1      | Reached XP level 3. HP: 30/30 MP: 4/8
  1042 | D:1      | Found Giavis's Armour Boutique.
  1757 | D:2      | Reached skill level 2 in Spellcasting
  2752 | D:3      | Reached XP level 4. HP: 37/37 MP: 8/10
  2757 | D:3      | Learned a level 4 spell: Olgreb's Toxic Radiance
  3199 | D:3      | Reached skill level 3 in Spellcasting
  3251 | D:3      | Reached XP level 5. HP: 45/45 MP: 9/12
  3691 | D:4      | Noticed a black bear
  3701 | D:4      | Killed a black bear
  3730 | D:4      | Reached skill level 4 in Spellcasting
  3730 | D:4      | Reached XP level 6. HP: 40/52 MP: 7/15
  4371 | D:4      | Reached skill level 5 in Spellcasting
  4501 | D:4      | Found a runed translucent gate.
  4501 | D:4      | Found a runed translucent gate.
  4502 | D:4      | Found a runed translucent gate.
  4512 | D:4      | Learned a level 2 spell: Blink
  4539 | D:4      | Noticed iamoutofideas's ghost (novice HOMo)
  4816 | D:5      | Entered Level 5 of the Dungeon
  4829 | D:5      | Reached XP level 7. HP: 51/60 MP: 8/18
  5014 | D:5      | Noticed Edmund
  5033 | D:5      | Mangled by Edmund

Illustrated notes

Levels and vault maps discovered:
D:1:      kilobyte_arrival_exit_the_forest, layout_loops_corners, serial_shops,
          shop, shop, nicolae_square_shop, nicolae_shop_advertising_works
          [nicolae_subvault_shop_adworks], minmay_split_cup_large
D:2:      layout_basic
D:3:      layout_loops_ring
D:4:      layout_rooms, nicolae_overflow_crystal_walls,
          gammafunk_ghost_necromancy, minmay_box_of_dots
D:5:      layout_basic, elyvilon_altar_3,
          mainiacjoe_overflow_concentric_impassable, minmay_temple_entry_glass,
          uniq_edmund, uniq_menkaure

Skill      XL: |  1  2  3  4  5  6 |
---------------+-------------------+-----
Fighting       | 2 3 4 |  4.5
Poison Magic   | 4 |  4.0
Spellcasting   | 2 3 4 5 |  5.3
Conjurations   | |  2.6

Action                     |  1- 3 |  4- 6 |  7- 9 || total
---------------------------+-------+-------+-------++-------
  Melee: Club              |    27 |       |       ||    27
         Short sword       |     7 |       |       ||     7
         Quarterstaff      |       |    42 |     5 ||    47
         Unarmed           |       |    25 |       ||    25
  Throw: Dart              |     1 |       |       ||     1
   Cast: Sting             |    65 |    70 |     8 ||   143
         Searing Ray       |     7 |     7 |       ||    14
         Olgreb's Toxic Ra |       |     3 |       ||     3
    Use: Scroll            |     1 |     6 |       ||     7
         Potion            |       |     1 |     1 ||     2
 Armour: Robe              |    18 |     7 |       ||    25
         Skin              |       |    48 |       ||    48
  Dodge: Dodged            |    56 |    51 |     6 ||   113

Table legend: (Time is in decaauts)
 A = Elapsed time spent in this place.
 B = Non-inter-level travel time spent in this place.
 C = Inter-level travel time spent in this place.
 D = Time resting spent in this place.
 E = Time spent auto-exploring this place.
 F = Levels seen in this place.
 G = Mean time per level.
                   A        B        C        D        E       F      G
               +--------+--------+--------+--------+--------+-----+--------+
         Total |   5062 |   4881 |    181 |     94 |   4014 |   5 | 1012.4 |
       Dungeon |   5062 |   4881 |    181 |     94 |   4014 |   5 | 1012.4 |
               +--------+--------+--------+--------+--------+-----+--------+

Top non-repeatable levels by time:
     D:1: 1640 daAuts
     D:4: 1138 daAuts
     D:2: 1097 daAuts
     D:3: 968 daAuts
     D:5: 218 daAuts
